 Dungeon Crawl Stone Soup version 0.20-a0-1025-g4706f7e (webtiles) character file.

2162 nubinia the Gusty (level 9, -10/67 HPs)
             Began as a Gnoll Air Elementalist on Apr 19, 2017.
             Mangled by a two-headed ogre
             ... wielding a +0 giant club
              (21 damage)
             ... on level 6 of the Dungeon.
             The game lasted 00:45:41 (7949 turns).

nubinia the Gusty (Gnoll Air Elementalist)          Turns: 7949, Time: 00:45:42

Health: -10/67     AC:  4    Str:  7    XL:     9   Next: 32%
Magic:  2/19       EV: 15    Int: 20    God:
Gold:   358        SH:  2    Dex: 15    Spells: 5/22 levels left

rFire    . . .     SeeInvis .   M - +4 mace (drain)
rCold    + . .     Gourm    .   (no shield)
rNeg     . . .     Faith    .   t - +1 robe
rPois    .         Spirit   .   J - +0 helmet
rElec    .         Reflect  +   (no cloak)
rCorr    .         Harm     .   (no gloves)
MR       .....                  (no boots)
Stlth    ++........             r - +2 amulet of reflection
Regen    0.3/turn               d - +2 ring of intelligence
MPRegen  0.2/turn               p - ring of protection from cold

@: no status effects
A: short attention span, fangs 1, strong nose
a: no special abilities


You were on level 6 of the Dungeon.
You were not hungry.

You visited 1 branch of the dungeon, and saw 6 of its levels.
You also visited: Sewer and Ossuary.

You collected 358 gold pieces.

Inventory:

Hand Weapons
 a - a +1 dagger of venom
 b - a +0 blowgun
 e - a +0 dagger
 f - a +0 club
 h - a +0 short sword of holy wrath
 M - a +4 mace of draining (weapon)
Missiles
 B - 4 needles of confusion
 G - 13 poisoned needles
Armour
 m - a +2 shield
 s - a +2 leather armour of fire resistance
 t - a +1 robe (worn)
 J - a +0 helmet (worn)
Jewellery
 d - a +2 ring of intelligence (left hand)
 g - a +2 ring of protection {unknown}
 p - a ring of protection from cold (right hand)
 r - a +2 amulet of reflection (around neck)
 N - an uncursed ring of wizardry {unknown}
 O - an uncursed ring of magical power {unknown}
Wands
 D - a wand of digging (17/24)
Scrolls
 l - 5 scrolls of identify
 v - 3 scrolls of enchant armour
 y - 3 scrolls of fear
 C - a scroll of enchant weapon
 E - 3 scrolls of teleportation
 K - 2 scrolls of recharging
Potions
 i - 9 potions of curing
 j - a potion of resistance {unknown}
 k - 2 potions of haste {unknown}
 n - a potion of might
 q - 2 potions of mutation
 u - a potion of cancellation
 w - 5 potions of heal wounds
 x - 2 potions of brilliance
 A - 3 potions of agility {unknown}
 I - 2 potions of flight
Books
 F - a book of Air

   Spells                             Type                      Level
   a - Shock                          Conjuration/Air              1
   b - Swiftness                      Charms/Air                   2
   c - Static Discharge               Conjuration/Air              3
   d - Airstrike                      Air                          4
   e - Lightning Bolt                 Conjuration/Air              5
 L - a book of Callings

   Spells                             Type                      Level
   a - Summon Small Mammal            Summoning                    1
   b - Call Imp                       Summoning                    2
   c - Call Canine Familiar           Summoning                    3
   d - Summon Guardian Golem          Hexes/Summoning              3
   e - Summon Lightning Spire         Summoning/Air                4
   f - Summon Ice Beast               Ice/Summoning                4
Comestibles
 c - 4 bread rations
 o - 3 meat rations
 z - 2 royal jellies
 H - 4 fruits
 P - 2 chunks of flesh


   Skills:
 + Level 4.9 Fighting
 + Level 6.8 Short Blades
 + Level 6.2 Throwing
 + Level 5.3 Dodging
 + Level 3.4 Stealth
 - Level 0.4 Shields
 - Level 7.0 Spellcasting
 + Level 5.2 Conjurations
 - Level 7.1 Summonings
 - Level 7.1 Air Magic


You had 5 spell levels left.
You knew the following spells:

 Your Spells              Type           Power        Failure   Level  Hunger
a - Shock                 Conj/Air       ####         1%          1    None
b - Airstrike             Air            #####.....   4%          4    ###....
c - Static Discharge      Conj/Air       ####....     2%          3    #......
d - Swiftness             Chrm/Air       ###.....     3%          2    None
e - Summon Lightning Spi  Summ/Air       #####...     4%          4    ###....
f - Call Canine Familiar  Summ           #####...     1%          3    #......


Dungeon Overview and Level Annotations

Branches:
Dungeon (6/15)
 Temple: D:4-7

Altars:
Gozag
Kikubaaqudgha
Makhleb
Nemelex Xobeh
Beogh


Innate Abilities, Weirdness & Mutations

You have a short attention span.
You have very sharp teeth.
Your uncanny sense of smell can sniff out nearby items.


Message History

Casting: Shock
Confirm with . or Enter, or press ? or * to list all spells.
Aiming: Shock
Press: ? - help, Shift-Dir - straight line, f/p - two-headed ogre
Aim: a two-headed ogre, wielding two giant clubs (almost dead)
The zap misses the two-headed ogre.
The two-headed ogre hits you with a giant club!! x2
* * * LOW HITPOINT WARNING * * *
Unknown command.
Unknown command.
Unknown command.
Casting: Shock
Confirm with . or Enter, or press ? or * to list all spells.
Aiming: Shock
Press: ? - help, Shift-Dir - straight line, f/p - two-headed ogre
Aim: a two-headed ogre, wielding two giant clubs (almost dead)
The zap hits the two-headed ogre.
The two-headed ogre is almost dead.
The two-headed ogre hits you with a giant club!!
You die...

#.####### #.......#.
#######.#.# . #.# #.#.#
.# #.# #.#.# ..#
###.###.#.# ....
#.......#.# .....
#####.#.#####.####8.....
......#.........@O......
#############.#########.
.#............#
.#.###...###..#
##.###.#.##...#
..÷....#.##..##
##.#####.##..#
.†.#####.##..#
.........##..#


You could see a two-headed ogre and a friendly lightning spire.

Vanquished Creatures
  A hydra (D:6)
  An orc warrior (D:5)
  An ice beast (D:6)
  An ogre (D:5)
  Blork the orc (D:4)
  A big kobold (Sewer)
  A howler monkey (D:4)
  A vampire bat (D:2)
  A crimson imp (D:6)
  A human zombie (Ossuary)
  3 orc priests (D:5)
  6 orc wizards
  An iguana (D:4)
  Ijyb (D:3)
  Terence (D:3)
  7 worker ants
  2 big kobold zombies (Ossuary)
  A hound skeleton (D:5)
  2 mummies (Ossuary)
  A worker ant zombie (D:5)
  Robin (D:3)
  4 adders
  2 river rats (Sewer)
  An adder skeleton (D:4)
  3 adder zombies
  4 worms
  4 dart slugs
  2 leopard geckos
  30 orcs
  10 bats
  3 bat skeletons (D:2)
  2 bat zombies (D:2)
  9 giant cockroaches
  14 goblins
  11 hobgoblins
  14 jackals
  18 kobolds
  4 quokkas
  2 ball pythons
  4 frilled lizards
  2 goblin zombies
  11 hobgoblin zombies (Ossuary)
  2 jackal zombies (Ossuary)
  11 kobold zombies (Ossuary)
  A leopard gecko zombie (D:5)
  6 orc zombies (Ossuary)
  A quokka zombie (D:4)
  14 rats
  2 rat zombies (Ossuary)
227 creatures vanquished.

Vanquished Creatures (collateral kills)
  An orc warrior (D:5)
  An ogre (D:5)
  A centaur (D:5)
  An orc wizard (D:5)
  An iguana (D:6)
  A gnoll (D:6)
  An adder (D:6)
  2 orcs (D:5)
9 creatures vanquished.

Grand Total: 236 creatures vanquished

Notes
Turn   | Place    | Note
-------+----------+-------------------------------------------
     0 | D:1      | nubinia the Gnoll Air Elementalist began the quest for the Orb.
     0 | D:1      | Reached XP level 1. HP: 13/13 MP: 4/4
   216 | D:1      | Reached XP level 2. HP: 18/19 MP: 0/6
   274 | D:1      | Learned a level 2 spell: Swiftness
   783 | D:1      | Reached skill level 5 in Air Magic
   789 | D:1      | Reached XP level 3. HP: 21/24 MP: 0/8
  1684 | D:2      | Learned a level 3 spell: Static Discharge
  1961 | D:2      | Found an ancient bone altar of Kikubaaqudgha.
  1965 | D:2      | Reached skill level 1 in Short Blades
  1965 | D:2      | Reached XP level 4. HP: 31/31 MP: 7/10
  2204 | D:2      | Found an opulent altar of Gozag.
  2204 | D:2      | Found a sparkling altar of Nemelex Xobeh.
  2440 | D:2      | Learned a level 4 spell: Airstrike
  2809 | D:3      | Reached XP level 5. HP: 36/36 MP: 8/11
  3142 | D:3      | Noticed Ijyb
  3145 | D:3      | Noticed Terence
  3165 | D:3      | Killed Ijyb
  3190 | D:3      | Killed Terence
  3724 | D:3      | Noticed Robin
  3731 | D:3      | Killed Robin
  3731 | D:3      | Reached skill level 5 in Spellcasting
  3918 | D:4      | Reached XP level 6. HP: 33/42 MP: 8/13
  4017 | D:4      | Found a sand-covered staircase.
  4046 | Ossuary  | Entered an ossuary
  4371 | Ossuary  | Reached skill level 1 in Fighting
  4598 | D:4      | Reached XP level 7. HP: 49/49 MP: 6/15
  4684 | D:4      | Reached skill level 5 in Conjurations
  4780 | D:4      | Learned a level 4 spell: Summon Lightning Spire
  4884 | D:4      | Found a burning altar of Makhleb.
  4894 | D:4      | Noticed Blork the orc
  5036 | D:4      | Reached skill level 1 in Summonings
  5209 | D:4      | Killed Blork the orc
  5443 | D:5      | Entered Level 5 of the Dungeon
  5516 | D:5      | Found a runed door.
  5647 | D:5      | Found a glowing drain.
  5737 | Sewer    | Entered a sewer
  5828 | Sewer    | Reached XP level 8. HP: 56/56 MP: 7/18
  5962 | Sewer    | Found a white marble altar of Elyvilon.
  6044 | D:5      | Reached skill level 5 in Summonings
  6096 | D:5      | Learned a level 3 spell: Call Canine Familiar
  6993 | D:5      | Reached skill level 1 in Throwing
  7080 | D:5      | Reached skill level 5 in Short Blades
  7362 | D:5      | Found a roughly hewn altar of Beogh.
  7420 | D:6      | Noticed a six-headed hydra
  7477 | D:6      | Killed a six-headed hydra
  7477 | D:6      | Reached skill level 5 in Throwing
  7477 | D:6      | Reached skill level 5 in Dodging
  7477 | D:6      | Reached XP level 9. HP: 66/66 MP: 1/19
  7937 | D:6      | Noticed a two-headed ogre
  7949 | D:6      | Mangled by a two-headed ogre

Vault maps used:
D:1:      eino_arrival_tree_alley, serial_aquarium, aquarium_bridge_square,
          aquarium_bridge_square, aquarium_window_3, aquarium_window_fake,
          aquarium_view_2b, aquarium_pool_side, minmay_tree_intersection,
          minmay_misc_feat_columns, lexackson_kobold_supper
D:2:      grunt_temple_overflow_opulence, kennysheep_vampire_church
D:3:      first_bread, serial_bayou_lagoon_b, uniq_iyjb, uniq_terence,
          uniq_robin
D:4:      enter_ossuary_4, bloody_makhleb, uniq_blork_the_orc
D:5:      cheibrodos_sewer_entry_drain, serial_bayou_pond_a,
          lightli_church_of_beogh
D:6:      hangedman_cross_stitches
Sewer:    sewer_kobolds
Ossuary:  ossuary_tomb_1

Skill      XL: |  1  2  3  4  5  6  7  8  9 |
---------------+----------------------------+-----
Stealth        | 3 |  3.4
Air Magic      | 5 6 7 |  7.1
Spellcasting   | 4 5 7 |  7.0
Conjurations   | 2 4 5 |  5.2
Short Blades   | 1 2 3 4 6 |  6.8
Fighting       | 1 2 4 |  4.9
Dodging        | 4 5 |  5.3
Summonings     | 4 7 |  7.1
Throwing       | 5 6 |  6.2
Shields        | |  0.4

Action                   |  1- 3 |  4- 6 |  7- 9 || total
-------------------------+-------+-------+-------++-------
Melee: Dagger            |     4 |    33 |    62 ||    99
       Bite              |     1 |     9 |     9 ||    19
       Unarmed           |     1 |       |       ||     1
       Short sword       |     8 |    69 |    13 ||    90
       Mace              |       |       |     6 ||     6
 Fire: Blowgun           |       |       |    19 ||    19
 Cast: Shock             |    74 |   155 |   130 ||   359
       Airstrike         |       |       |    16 ||    16
       Swiftness         |       |       |     2 ||     2
       Summon Lightning  |       |       |     8 ||     8
       Static Discharge  |       |       |     1 ||     1
  Use: Potion            |     2 |     2 |     3 ||     7
       Scroll            |       |     8 |     5 ||    13
 Stab: Sleeping          |       |     2 |     3 ||     5
       Distracted        |       |     1 |       ||     1
  Eat: Chunk             |     3 |     8 |    14 ||    25
Armor: Robe              |     6 |    16 |     6 ||    28
Dodge: Dodged            |    10 |    71 |    54 ||   135
Block: Other             |     2 |     5 |     4 ||    11
